 Dungeon Crawl Stone Soup version 0.25.1-2-g60ff931df9 (webtiles) character file.

Game seed: 14666189757100316220

37 Joeren the Firebug (level 3, -2/24 HPs)
             Began as a Formicid Fire Elementalist on Aug 26, 2020.
             Slain by an adder (4 damage)
             ... on level 1 of the Dungeon.
             The game lasted 00:05:46 (1103 turns).

Joeren the Firebug (Formicid Fire Elementalist)     Turns: 1103, Time: 00:05:47

Health: -2/24      AC:  2    Str: 12    XL:     3   Next: 60%
Magic:  7/7        EV: 12    Int: 15    God:
Gold:   82         SH:  0    Dex: 11    Spells: 3/7 levels left

rFire    . . .     SeeInvis +   g - +0 short sword
rCold    . . .     Gourm    .   (no shield)
rNeg     . . .     Faith    .   a - +0 robe
rPois    .         Spirit   .   (helmet unavailable)
rElec    .         Reflect  .   (no cloak)
rCorr    .         Harm     .   (no gloves)
MR       .....                  (no boots)
Stlth    ++........             (no amulet)
HPRegen  0.08/turn              (no ring)
MPRegen  0.10/turn              (no ring)

@: lethally poisoned (-2 -> -6)
A: permanent stasis, dig shafts and tunnels, four strong arms, antennae 3
a: Dig, Shaft Self


You were on level 1 of the Dungeon.
You were not hungry.

You visited 1 branch of the dungeon, and saw 2 of its levels.

You collected 82 gold pieces.

Inventory:

Hand Weapons
 g - a +0 short sword (weapon)
Armour
 a - a +0 robe (worn)
Scrolls
 f - a scroll of identify {unknown}
 i - a scroll of immolation {unknown}
 k - a scroll of fog {unknown}
 l - a scroll of amnesia {unknown}
Potions
 d - a potion of degeneration {unknown}
 h - a potion of curing {unknown}
 j - a potion of haste {unknown}
Comestibles
 b - 2 chunks of flesh
 c - 2 rations


   Skills:
 - Level 1.7 Dodging
 - Level 2.4 Stealth
 + Level 2.8 Spellcasting
 + Level 1.7 Conjurations
 + Level 3.4 Fire Magic


You had 3 spell levels left.
You knew the following spells:

 Your Spells              Type           Power        Failure   Level  Hunger
a - Foxfire               Conj/Fire      ##..         7%          1    #......
b - Inner Flame           Hex/Fire       #.......     30%         3    ###....

Your spell library contained the following spells:

 Spells                   Type           Power        Failure   Level  Hunger
 Conjure Flame            Conj/Fire      ##......     21%         3    ###....
 Sticky Flame             Conj/Fire      ##......     56%         4    #####..
 Fireball                 Conj/Fire      ##........   88%         5    ######.


Dungeon Overview and Level Annotations

Branches:
Dungeon (2/15)

Altars:


Innate Abilities, Weirdness & Mutations

You cannot be hasted, slowed, berserked, paralysed or teleported.
You can dig through walls and to a lower floor.
Your four strong arms can wield two-handed weapons with a shield.
You have a pair of large antennae on your head. (SInv)


Message History

The hobgoblin hits you but does no damage.
The adder completely misses you. The kobold completely misses you.
The hobgoblin hits you with a +0 club.
You barely miss the hobgoblin. The hobgoblin misses you. The adder bites you.
The kobold barely misses you. The hobgoblin barely misses you.
You barely miss the hobgoblin. The adder bites you.
* * * LOW HITPOINT WARNING * * *
You are poisoned.
The adder poisons you!
The hobgoblin hits you with a cursed +0 club.
* * * LOW HITPOINT WARNING * * *
The kobold hits you.
* * * LOW HITPOINT WARNING * * *
The adder barely misses you.
The hobgoblin hits you but does no damage.
It was a potion of magic.
Magic courses through your body.
* * * LOW HITPOINT WARNING * * *
You feel sick. The hobgoblin barely misses you. The kobold barely misses you.
The adder bites you.
You die...

#......#.#
#.#..(.#.#
#.####.#.# #.#
#.#.# ######
#.####.#.# #.....
#......#.# #.....
#.######.# #.....
#KS....#.####.....
#@g.............##
#g#.####.######..#
#.#......# ##.#
#.#....### #.#
#######.#....'.#
#..
#.......#....#.#
##.
#.#######....#.#
#. #.# #....#.# #.
#.# #....#.# #.


You could see an adder, 2 hobgoblins and a kobold.

Vanquished Creatures
  An adder (D:2)
  2 dart slugs (D:1)
  A ball python (D:1)
  2 giant cockroaches (D:1)
  2 goblins (D:1)
  A hobgoblin (D:1)
  4 jackals (D:1)
  2 kobolds (D:1)
  3 bats (D:1)
  A frilled lizard (D:2)
  3 rats (D:1)
22 creatures vanquished.

Vanquished Creatures (others)
  51 foxfires
51 creatures vanquished.

Grand Total: 73 creatures vanquished

Notes
Turn   | Place    | Note
-------+----------+-------------------------------------------
     0 | D:1      | Joeren the Formicid Fire Elementalist began the quest for
                  | the Orb.
     0 | D:1      | Reached XP level 1. HP: 13/13 MP: 3/3
   111 | D:1      | Reached skill level 1 in Conjurations
   314 | D:1      | Reached XP level 2. HP: 19/19 MP: 1/5
   495 | D:1      | Reached XP level 3. HP: 24/24 MP: 2/6
   599 | D:1      | Learned a level 3 spell: Inner Flame
  1103 | D:1      | Slain by an adder

Illustrated notes

Levels and vault maps discovered:
D:1:      lemuel_arrival_hallway, layout_basic, chequers_serial_rivers_small_b
D:2:      layout_rooms, nicolae_overflow_crystal_walls,
          grunt_temple_overflow_diamond, uniq_natasha

Skill      XL: |  1 |
---------------+----+-----
Conjurations   | 1 |  1.7
Dodging        | |  1.7
Stealth        | |  2.4
Spellcasting   | |  2.8
Fire Magic     | |  3.4

Action                   || total
-------------------------++-------
Melee: Unarmed           ||    15
       Short sword       ||    22
 Cast: Foxfire           ||    36
       Inner Flame       ||     1
  Use: Potion            ||     1
  Eat: Chunk             ||     1
Armor: Robe              ||    11
Dodge: Dodged            ||    55
